 Dungeon Crawl Stone Soup version 0.17-a0-125-g34d91a1 (webtiles) character file.

240 Ngotmuk the Shield-Bearer (level 5, -1/49 HPs)
             Began as a Deep Dwarf Fighter on Mar 23, 2015.
             Killed by nerve-wracking pain
             ... invoked by an orc priest
              (5 damage)
             ... on level 4 of the Dungeon.
             The game lasted 00:10:14 (2678 turns).

Ngotmuk the Shield-Bearer (Deep Dwarf Fighter)      Turns: 2678, Time: 00:10:14

Health: -1/49      AC: 13    Str: 20    XL:     5   Next: 80%
Magic:  5/5        EV:  5    Int:  9    God:
Gold:   246        SH: 10    Dex: 12    Spells: 0 memorised, 4 levels left

rFire  . . .     SeeInvis .     a - +1 long sword
rCold  . . .     Clarity  .     s - +4 chain mail
rNeg   . . .     SustAb   .     c - +0 shield
rPois  .         Gourm    .     (no helmet)
rElec  .         Spirit   .     (no cloak)
rCorr  .         Warding  .     (no gloves)
rMut   .         Stasis   .     (no boots)
MR     .....                    (no amulet)
Stlth  ..........               (no ring)
                                h - ring of flight

@: non-regenerating, not resistant to hostile enchantments, extremely unstealthy
A: damage resistance, recharge devices, sense surroundings 1, slow healing 3
a: Device Recharging, Evoke Flight


You were on level 4 of the Dungeon.
You were not hungry.

You visited 1 branch of the dungeon, and saw 4 of its levels.

You collected 246 gold pieces.

Inventory:

Hand weapons
 a - a +1 long sword (weapon)
Armour
 c - a +0 shield (worn)
 s - a +4 chain mail (worn)
Jewellery
 h - a ring of flight (left hand)
Magical devices
 d - a wand of heal wounds (0)
Scrolls
 k - 3 scrolls of identify
 n - a scroll of enchant weapon
Potions
 b - a potion of flight {unknown}
 e - 2 potions of might
 g - 2 potions of haste {unknown}
 i - 2 potions of heal wounds {unknown}
 j - a potion of magic {unknown}
 l - a potion of restore abilities
 o - 2 potions of curing {unknown}
 q - a potion of cancellation {unknown}
Comestibles
 f - 3 bread rations
 m - a beef jerky
 r - a meat ration


   Skills:
 + Level 3.5 Fighting
 + Level 3.5 Long Blades
 + Level 4.5 Armour
 + Level 4.8 Shields


You had 4 spell levels left.
You didn't know any spells.

Dungeon Overview and Level Annotations

Branches:
Dungeon (4/15)
 Temple: D:4-7

Altars:
Dithmenos
Elyvilon
Trog


Innate Abilities, Weirdness & Mutations

You are resistant to damage.
You can recharge devices by infusing magical energy.
You passively map a small area around you.
You do not heal naturally.


Message History

The orc priest hits you but does no damage.
The orc hits you but does no damage. You block the orc's attack.
You hit the orc priest.
The orc priest is heavily wounded.
You block the orc priest's attack.
The orc priest hits you but does no damage.
The orc hits you but does no damage. You block the orc's attack.
The orc priest hits you but does no damage.
The orc priest completely misses you.
You closely miss the orc priest.
The orc priest is heavily wounded.
You block the orc's attack. The orc hits you but does no damage.
The orc priest hits you but does no damage.
The orc hits you.
The orc priest calls down the wrath of Beogh upon you.
Pain shoots through your body!
* * * LOW HITPOINT WARNING * * *
The orc priest mumbles some strange prayers to Beogh against you.
Pain shoots through your body!
You die...

* .####.......# ##.
.............########.. ,
.......................#
...................######
................#### ,
..........#....##
........oo..#...#
,.......oo....#..###
.........@........########
,
.............#...........
,
.................#####...
...............### ###. ,,
..............## #.
..............# ##. , ,
.............## ###..
..........>..####....
....................


You could see 2 orc priests and 2 orcs.

Vanquished Creatures
  2 orc priests (D:3)
  A centaur skeleton (D:4)
  5 adders
  2 worms (D:3)
  3 giant geckos (D:1)
  19 orcs
  4 ball pythons
  11 bats
  A bat zombie (D:3)
  3 giant cockroaches
  4 hobgoblins
  A giant newt (D:2)
  5 goblins
  2 jackals (D:1)
  10 kobolds
  2 quokkas
  6 rats
81 creatures vanquished.

Notes
Turn   | Place    | Note
--------------------------------------------------------------
     0 | D:1      | Ngotmuk, the Deep Dwarf Fighter, began the quest for the Orb.
     0 | D:1      | Reached XP level 1. HP: 20/20 MP: 1/1
   156 | D:1      | Reached XP level 2. HP: 27/27 MP: 2/2
   827 | D:2      | Reached XP level 3. HP: 31/34 MP: 3/3
   837 | D:2      | Found a shadowy altar of Dithmenos.
  1586 | D:3      | Found a bloodstained altar of Trog.
  1688 | D:3      | Reached skill level 4 in Shields
  1725 | D:3      | Reached XP level 4. HP: 32/42 MP: 4/4
  2013 | D:3      | Reached XP level 5. HP: 25/49 MP: 5/5
  2659 | D:4      | Found a white marble altar of Elyvilon.
  2678 | D:4      | Killed from afar by an orc priest

Action                   |  1- 3 |  4- 6 || total
-------------------------+-------+-------++-------
Melee: Long sword        |   218 |   194 ||   412
Evoke: Wand              |       |     5 ||     5
  Use: Scroll            |       |     5 ||     5
  Eat: Meat ration       |     1 |     1 ||     2
